 Dungeon Crawl Stone Soup version 0.21.0-3-g78d12a8bdd (webtiles) character file.

15704 Manul the Covert (level 12, -3/92 HPs)
             Began as a Demonspawn Assassin on Jan 13, 2018.
             Was an Initiate of Gozag.
             Shot with an arrow by a centaur (9 damage)
             ... on level 12 of the Dungeon.
             The game lasted 00:19:58 (13175 turns).

Manul the Covert (Demonspawn Assassin)             Turns: 13175, Time: 00:19:58

Health: -3/92      AC:  6    Str: 16    XL:     12   Next: 3%
Magic:  13/13      EV: 17    Int: 14    God:    Gozag
Gold:   2358       SH:  0    Dex: 20    Spells: 7/12 levels left

rFire    . . .     SeeInvis .   z - +3 dagger (freeze)
rCold    + . .     Gourm    .   (no shield)
rNeg     . . .     Faith    .   A - +0 leather armour {rPois}
rPois    +         Spirit   .   (helmet unavailable)
rElec    .         Reflect  .   d - +1 cloak
rCorr    .         Harm     .   (no gloves)
MR       .....     Rnd*Tele +   (no boots)
Stlth    ++........             (no amulet)
HPRegen  0.25/turn              I - +4 ring of strength
MPRegen  0.13/turn              a - ring "Guupics" {rPois rC+ Dex+2}

@: confused, very slightly contaminated, invisible
A: claws 2, horns 3, talons 2, sense surroundings 1, poison resistance, powered
by death 1, powered by pain 1, teleportitis 1
a: Potion Petition, Call Merchant, Bribe Branch, Renounce Religion


You were on level 12 of the Dungeon.
You worshipped Gozag.
Gozag was most pleased with you.
You were not hungry.

You visited 2 branches of the dungeon, and saw 13 of its levels.
You also visited: Ossuary.

You collected 2481 gold pieces.
You paid 123 gold pieces to Gozag.

Inventory:

Hand Weapons
 b - a +0 blowgun
 h - a +2 rapier of electrocution
 t - a +0 dagger of draining
 u - a +2 dagger of protection
 y - a cursed +3 halberd
 z - a +3 dagger of freezing (weapon)
Missiles
 e - 37 poisoned needles
 f - 2 curare-tipped needles
 L - 3 needles of sleeping
Armour
 d - a +1 cloak (worn)
 A - a +0 leather armour of poison resistance (worn)
Jewellery
 a - the ring "Guupics" (right claw) {rPois rC+ Dex+2}
   (You found it on level 8 of the Dungeon)

   [ring of protection from cold]

   It affects your dexterity (+2).
   It protects you from cold.
   It protects you from poison.
 B - an uncursed ring of protection from fire
 I - a +4 ring of strength (left claw)
 M - an uncursed ring of magical power
Wands
 j - a wand of acid (5)
 w - a wand of enslavement (31)
 F - a wand of digging (12)
Scrolls
 i - 8 scrolls of remove curse
 l - 6 scrolls of identify
 m - 4 scrolls of teleportation
 q - a scroll of brand weapon {unknown}
 r - a scroll of noise {unknown}
 s - 2 scrolls of fear
 v - 5 scrolls of immolation
 x - 2 scrolls of enchant weapon
 C - 2 scrolls of amnesia {unknown}
 E - 2 scrolls of enchant armour
 G - 2 scrolls of blinking {unknown}
 H - 2 scrolls of magic mapping
 J - a scroll of fog {unknown}
Potions
 k - a potion of lignification
 n - 2 potions of brilliance
 p - 2 potions of might
 K - 3 potions of flight
 N - a potion of heal wounds {unknown}
 O - a potion of degeneration {unknown}
Books
 c - a book of Cantrips

   Spells                             Type                      Level
   a - Confusing Touch                Hexes                        1
   b - Animate Skeleton               Necromancy                   1
   c - Summon Small Mammal            Summoning                    1
   d - Apportation                    Translocation                1
 D - a book of Maledictions

   Spells                             Type                      Level
   a - Corona                         Hexes                        1
   b - Ensorcelled Hibernation        Hexes/Ice                    2
   c - Confuse                        Hexes                        3
   d - Tukima's Dance                 Hexes                        3
   e - Dazzling Spray                 Conjuration/Hexes            3
Miscellaneous
 P - a sack of spiders
Comestibles
 g - 18 rations


   Skills:
 + Level 7.8 Fighting
 + Level 9.4 Short Blades
 - Level 2.1 Throwing
 + Level 6.2 Armour
 + Level 7.2 Dodging
 + Level 11.3 Stealth
 + Level 0.8 Spellcasting
 + Level 0.4 Hexes
 + Level 0.3 Ice Magic
 + Level 1.6 Evocations


You had 7 spell levels left.
You knew the following spells:

 Your Spells              Type           Power        Failure   Level  Hunger
a - Ensorcelled Hibernat  Hex/Ice        #.....       38%         2    ###....
b - Confuse               Hex            #.......     63%         3    ####...


Dungeon Overview and Level Annotations

Branches:
Dungeon (12/15)            Temple (1/1) D:5            Lair (0/6) D:9
    Orc (0/2) D:10

Altars:
Cheibriados
Dithmenos
Elyvilon
Gozag
Hepliaklqana
Kikubaaqudgha
Nemelex Xobeh
Okawaru
Qazlal
Ru
Sif Muna
Trog
Vehumet
Yredelemnul
The Shining One

Shops:
D:6 ?   D:9 (

Annotations:
D:12 Rupert


Innate Abilities, Weirdness & Mutations

You have very sharp fingernails.
You have a pair of large horns on your head.
You have razor-sharp toenails.
You regenerate a little health from kills.
You sometimes gain a little power by taking damage.
You passively map a small area around you.
Your system is resistant to poisons. (rPois)
You are occasionally teleported next to monsters.


Message History

You bump into the rock wall.
The troll shouts!
The centaur shoots an arrow.
The arrow hits you!
Rupert hits you with a great mace of crushing!!
* * * LOW HITPOINT WARNING * * *
x2 Unknown command.
You fade into invisibility!
Rupert hits you with a great mace of crushing.
* * * LOW HITPOINT WARNING * * *
x2 You are very lightly contaminated with residual magic.
Unknown command.
Evoke which item? (* to show all) (? for menu, Esc to quit)
Okay, then.
Evoke which item? (* to show all) (? for menu, Esc to quit)
You reach into the bag... ...but nothing happens.
Rupert hits you with a great mace of crushing!
* * * LOW HITPOINT WARNING * * *
x2 The centaur shoots an arrow.
The arrow hits you!
You die...
Your body crumbles into a pile of gold.

.# #.#..# * .# *, #.#).#
.# * ..#..# # .# * #.#..#
. , , .# #.#..# .# #
#.#..###.##.# ,
#........c... ,
.###########.#.##.......
................@.OZ.T..,
, ,
.#####......>#.(.@......
######.#########........
.......# #...###.., , *,
######## #...#, ,. ,
#.#.. , #..... , ####...
*


You could see Rupert (berserk), a two-headed ogre, a troll, a centaur and a
centaur warrior zombie.

Vanquished Creatures
  Gastronok (D:9)
  3 two-headed ogres
  Pikel (D:7)
  A cyclops (D:10)
  A queen bee (D:8)
  2 trolls
  A hornet (D:7)
  A hippogriff (D:10)
  A shadow (D:11)
  2 wraiths (Ossuary)
  A hungry ghost (D:11)
  17 yaks
  Menkaure (D:4)
  Edmund (D:6)
  A water moccasin (D:11)
  Duvessa (D:4)
  4 orc warriors
  4 sky beasts
  6 ice beasts
  4 slaves
  2 black bears
  An eye of draining (D:8)
  3 phantoms
  An ogre (D:7)
  A wolf (D:9)
  2 centaurs
  A crocodile (D:11)
  4 big kobolds
  7 bullfrogs
  A wyvern skeleton (D:7)
  5 scorpions
  Dowan (D:4)
  24 killer bees
  6 wights
  6 crimson imps
  A centaur zombie (D:11)
  2 quasits
  A bullfrog zombie (D:7)
  A wyvern simulacrum (D:9)
  6 hounds
  A jelly (D:6)
  3 bullfrog skeletons
  2 centaur skeletons
  8 orc priests
  Jessica (D:3)
  2 iguanas
  Natasha (thrice) (D:3)
  7 orc wizards
  8 worker ants
  A centaur simulacrum (D:9)
  A hound skeleton (D:6)
  2 worker ant zombies
  10 gnolls
  20 adders
  2 shadow imps
  3 white imps (D:9)
  4 ufetubi (D:9)
  3 oozes
  5 adder zombies
  An adder skeleton (D:8)
  2 worms (D:3)
  2 dart slugs (D:3)
  4 leopard geckos
  46 orcs
  2 ball pythons
  6 bats
  6 giant cockroaches
  4 goblins
  6 hobgoblins
  12 jackals
  3 quokkas
  3 frilled lizards
  A hobgoblin skeleton (Ossuary)
  A hobgoblin zombie (Ossuary)
  2 jackal skeletons
  26 kobolds
  2 kobold zombies (Ossuary)
  A leopard gecko skeleton (D:7)
  A leopard gecko zombie (D:5)
  2 orc skeletons (Ossuary)
  An orc zombie (Ossuary)
  A quokka skeleton (D:6)
  9 rats
360 creatures vanquished.

Vanquished Creatures (collateral kills)
  A centaur (D:8)
1 creature vanquished.

Vanquished Creatures (others)
  A killer bee (D:8)
1 creature vanquished.

Grand Total: 362 creatures vanquished

Notes
Turn   | Place    | Note
-------+----------+-------------------------------------------
     0 | D:1      | Manul the Demonspawn Assassin began the quest for the Orb.
     0 | D:1      | Reached XP level 1. HP: 16/16 MP: 1/1
   115 | D:1      | Reached skill level 4 in Stealth
   120 | D:1      | Gained mutation: You have sharp fingernails. [demonic ancestry]
   120 | D:1      | Reached XP level 2. HP: 10/22 MP: 2/2
   380 | D:1      | Reached skill level 1 in Dodging
   871 | D:2      | Gained mutation: You have a pair of small horns on your head. [demonic ancestry]
   871 | D:2      | Reached XP level 3. HP: 23/27 MP: 3/3
  1354 | D:2      | Gained mutation: You have a pair of horns on your head. [demonic ancestry]
  1354 | D:2      | Reached XP level 4. HP: 34/34 MP: 4/4
  1622 | D:2      | Found a faded altar of an unknown god.
  1896 | D:3      | Noticed an orc warrior
  1924 | D:3      | Killed an orc warrior
  1924 | D:3      | Reached skill level 1 in Armour
  1924 | D:3      | Reached XP level 5. HP: 5/39 MP: 5/5
  2210 | D:3      | Noticed Natasha
  2226 | D:3      | Killed Natasha
  2651 | D:3      | Noticed Jessica
  2661 | D:3      | Killed Jessica
  2661 | D:3      | Gained mutation: You regenerate a little health from kills. [demonic ancestry]
  2661 | D:3      | Reached XP level 6. HP: 41/46 MP: 6/6
  2678 | D:3      | Noticed Natasha
  2691 | D:3      | Killed Natasha
  2902 | D:3      | Found a shadowy altar of Dithmenos.
  3178 | D:3      | Noticed Natasha
  3260 | D:3      | Killed Natasha
  3564 | D:4      | Found a sand-covered staircase.
  3634 | Ossuary  | Entered an ossuary
  3893 | Ossuary  | Reached skill level 5 in Stealth
  3933 | Ossuary  | Noticed a wraith
  3933 | Ossuary  | Noticed a flying skull
  3942 | Ossuary  | Noticed a flying skull
  3953 | Ossuary  | Noticed a flying skull
  3967 | Ossuary  | Noticed a flying skull
  3981 | Ossuary  | Gained mutation: You have sharp toenails. [demonic ancestry]
  3981 | Ossuary  | Reached XP level 7. HP: 52/52 MP: 7/7
  3988 | Ossuary  | Noticed a flying skull
  3996 | Ossuary  | Noticed a wraith
  4002 | Ossuary  | Killed a wraith
  4032 | Ossuary  | Noticed a wraith
  4034 | Ossuary  | Killed a wraith
  4034 | Ossuary  | Reached skill level 6 in Stealth
  4091 | D:4      | Found an ancient bone altar of Kikubaaqudgha.
  4169 | D:4      | Gained mutation: You are weak. (Str -2) [potion of mutation]
  4169 | D:4      | Gained mutation: You possess an exceptional clarity of mind. [potion of mutation]
  4267 | D:4      | Gained mutation: You have a pair of large horns on your head. [demonic ancestry]
  4267 | D:4      | Reached XP level 8. HP: 58/58 MP: 8/8
  4309 | D:4      | Noticed Menkaure
  4315 | D:5      | Entered Level 5 of the Dungeon
  4636 | D:6      | Learned a level 2 spell: Ensorcelled Hibernation
  4808 | D:6      | Reached skill level 7 in Stealth
  4833 | D:6      | Found Jauth's Magic Scroll Emporium.
  4838 | D:6      | Reached skill level 5 in Short Blades
  5119 | D:6      | Found a stormy altar of Qazlal.
  5124 | D:6      | Found an iron altar of Okawaru.
  5129 | D:6      | Found a deep blue altar of Sif Muna.
  5182 | D:6      | Found a shadowy altar of Dithmenos.
  5260 | D:4      | Noticed Dowan
  5262 | D:4      | Noticed Duvessa
  5268 | D:4      | Killed Dowan
  5637 | D:4      | Killed Menkaure
  5699 | D:4      | Gained mutation: You sometimes gain a little power by taking damage. [demonic ancestry]
  5699 | D:4      | Reached XP level 9. HP: 65/65 MP: 9/9
  5997 | D:5      | Found a staircase to the Ecumenical Temple.
  6148 | Temple   | Entered the Ecumenical Temple
  6163 | Temple   | Became a worshipper of Gozag Ym Sagoz the Greedy
  6299 | D:6      | Noticed Pikel
  6433 | D:4      | Killed Duvessa
  6995 | D:6      | Noticed Edmund
  7003 | D:6      | Reached skill level 5 in Armour
  7026 | D:6      | Killed Edmund
  7293 | D:7      | Reached skill level 8 in Stealth
  7454 | D:7      | Noticed a two-headed ogre
  7463 | D:7      | Killed a two-headed ogre
  7463 | D:7      | Reached skill level 5 in Fighting
  7633 | D:7      | Killed Pikel
  7633 | D:7      | Reached skill level 5 in Dodging
  7633 | D:7      | Gained mutation: You have very sharp fingernails. [demonic ancestry]
  7633 | D:7      | Reached XP level 10. HP: 50/74 MP: 10/10
  8546 | D:8      | Reached skill level 9 in Stealth
  8597 | D:8      | Reached skill level 1 in Evocations
  8753 | D:8      | Got a sparkling granite ring
  8798 | D:8      | Identified the ring "Guupics" {rPois rC+ Dex+2} (You found it on level 8 of the Dungeon)
  9076 | D:9      | Found Hetiz's Antique Weapon Boutique.
  9233 | D:9      | Noticed a two-headed ogre
  9308 | D:9      | Killed a two-headed ogre
  9589 | D:9      | Reached skill level 10 in Stealth
  9622 | D:9      | Reached XP level 11. HP: 23/83 MP: 12/12
 10238 | D:9      | Found a staircase to the Lair.
 10392 | D:9      | Noticed Gastronok
 10411 | D:9      | Killed Gastronok
 10503 | D:9      | Lost mutation: You possess an exceptional clarity of mind. [potion of mutation]
 10503 | D:9      | Lost mutation: You are weak. (Str -2) [potion of mutation]
 10503 | D:9      | Gained mutation: You are occasionally teleported next to monsters. [potion of mutation]
 10503 | D:9      | Gained mutation: You passively map a small area around you. [potion of mutation]
 10503 | D:9      | Gained mutation: Your system is resistant to poisons. (rPois) [potion of mutation]
 10661 | D:10     | Entered Level 10 of the Dungeon
 11417 | D:10     | Found a staircase to the Orcish Mines.
 11534 | D:10     | Learned a level 3 spell: Confuse
 12037 | D:9      | Reached skill level 11 in Stealth
 12389 | D:11     | Got a slimy hand axe
 12404 | D:11     | Identified the +4 hand axe "Giantbane" {venom, rN+ MR+ Stlth+} (You found it on level 11 of the Dungeon)
 12581 | D:11     | Noticed a two-headed ogre
 12600 | D:11     | Killed a two-headed ogre
 12750 | D:11     | Gained mutation: You have razor-sharp toenails. [demonic ancestry]
 12750 | D:11     | Reached XP level 12. HP: 92/92 MP: 13/13
 13163 | D:12     | Noticed Rupert
 13168 | D:12     | Noticed a two-headed ogre
 13175 | D:12     | Shot with an arrow by a centaur

Skill      XL: |  1  2  3  4  5  6  7  8  9 10 11 |
---------------+----------------------------------+-----
Stealth        | 4 5 6 7 8 10 11 | 11.3
Dodging        | 1 2 3 5 7 |  7.2
Throwing       | 2 |  2.1
Short Blades   | 2 3 4 5 6 7 9 |  9.4
Armour         | 1 2 3 4 5 6 |  6.2
Fighting       | 3 4 5 6 7 |  7.8
Evocations     | 1 |  1.6
Spellcasting   | |  0.8
Hexes          | |  0.4
Ice Magic      | |  0.3

Action                   |  1- 3 |  4- 6 |  7- 9 | 10-12 || total
-------------------------+-------+-------+-------+-------++-------
Melee: Dagger            |   131 |   181 |   402 |   549 ||  1263
       Headbutt          |     5 |    37 |    70 |   114 ||   226
       Kick              |       |       |   102 |   199 ||   301
       Rapier            |       |       |       |    53 ||    53
 Fire: Blowgun           |       |       |     2 |     4 ||     6
 Cast: Ensorcelled Hiber |       |       |     1 |     1 ||     2
Evoke: Wand              |       |       |     2 |     6 ||     8
       Sack of spiders   |       |       |       |     1 ||     1
  Use: Potion            |       |     1 |     2 |     8 ||    11
       Scroll            |       |     8 |     7 |     4 ||    19
 Stab: Sleeping          |     5 |    11 |    18 |    35 ||    69
       Invisible         |       |     1 |       |     4 ||     5
       Distracted        |       |       |     3 |     4 ||     7
       Confused          |       |       |       |     3 ||     3
  Eat: Chunk             |     1 |     4 |     5 |       ||    10
       Ration            |       |     2 |     2 |     5 ||     9
Armor: Robe              |    15 |       |       |       ||    15
       Leather armour    |     7 |       |    24 |    81 ||   112
       Ring mail         |     2 |    54 |    51 |       ||   107
       Skin              |       |       |    16 |    39 ||    55
Dodge: Dodged            |    90 |    79 |   190 |   364 ||   723
